 Dungeon Crawl Stone Soup version 0.30.0-29-ga12c61a403 (webtiles) character file.

Game seed: 8662024696384533516

5456 javelincjr the Fighter (level 11, -4/82 HPs)
             Began as a Djinni Summoner on June 22, 2023.
             Was a Believer of Qazlal.
             Slain by a troll (8 damage)
             ... on level 9 of the Dungeon on June 23, 2023.
             The game lasted 01:07:58 (8833 turns).

javelincjr the Fighter (Djinni Summoner)            Turns: 8833, Time: 01:07:59

Health: -4/82      AC: 14    Str:  7    XL:     11   Next: 0%
Gold:   217        EV: 10    Int: 22    God:    Qazlal [**....] SH: 11 Dex: 13

rFire   + + .        d - +4 spear (flame)
rCold   x . .        n - +0 kite shield
rNeg    . . .        z - +2 acid dragon scales
rPois   ∞            (no helmet)
rElec   .            v - +2 cloak of the Thief {*Fog Slay-2 SInv Stlth+}
rCorr   +            l - +0 pair of gloves
SInv    +            (boots unavailable)
Will    +....        (no amulet)
Stlth   ++           B - ring of wizardry
HPRegen 0.33/turn    (no ring)
MPRegen 0.00/turn

%: wizardry (x1), infuse magic (-5 HP)
@: flying, very slightly contaminated
A: sickness immunity, fire resistance 2, cold vulnerability 1, float, innate
caster, HP casting, extra vitality 1
a: Renounce Religion, Upheaval


You were on level 9 of the Dungeon.
You worshipped Qazlal.
Qazlal was pleased with you.
You visited 2 branches of the dungeon, and saw 10 of its levels.

You collected 498 gold pieces.
You spent 281 gold pieces at shops.

Inventory:

Hand Weapons
 d - a +4 spear of flaming (weapon)
 e - a +1 whip of venom
 m - a +1 dagger of draining
 y - a +3 heavy short sword
Armour
 l - a +0 pair of gloves (worn)
 n - a +0 kite shield (worn)
 q - a +0 buckler
 v - the +2 cloak of the Thief (worn) {*Fog Slay-2 SInv Stlth+}
   (You bought it in a shop on level 9 of the Dungeon)

   *Fog:      It may release a thick cloud of smoke when the wearer is hurt.
   Slay:      It affects your accuracy & damage with ranged weapons and melee
   (-2).
   SInv:      It lets you see invisible.
   Stlth:     It makes you more stealthy.
 z - +2 acid dragon scales (worn)
Jewellery
 B - a ring of wizardry (left hand)
Wands
 a - a wand of flame (23)
 p - a wand of iceblast (13)
 u - a wand of paralysis (16)
Scrolls
 f - 2 scrolls of fog
 h - 3 scrolls of fear
 k - 4 scrolls of teleportation
 r - a scroll of vulnerability
Potions
 b - 3 potions of might
 c - 3 potions of berserk rage
 g - 2 potions of brilliance
 i - 2 potions of attraction
 j - a potion of heal wounds
 o - 7 potions of curing
 s - a potion of mutation
 t - 2 potions of invisibility
 w - a potion of flight {unknown}
 x - a potion of haste
 A - a potion of cancellation {unknown}


   Skills:
 * Level 8.4 Fighting
 + Level 0.8 Polearms
 + Level 5.6 Armour
 + Level 7.1 Dodging
 - Level 2.4 Stealth
 + Level 2.9 Shields
 * Level 7.4 Spellcasting
 + Level 2.7 Invocations


You knew the following spells:

 Your Spells              Type           Power      Damage    Failure   Level
a - Summon Small Mammal   Summ           100%       N/A       1%          1
b - Call Imp              Summ           80%        N/A       2%          2
c - Call Canine Familiar  Summ           40%        N/A       5%          3
d - Summon Guardian Gole  Hex/Summ       40%        N/A       5%          3
e - Summon Lightning Spi  Summ/Air       40%        N/A       17%         4
f - Shock                 Conj/Air       100%       1d9       1%          1
g - Momentum Strike       Conj/Tloc      80%        3d10      2%          2
h - Teleport Other        Tloc           40%        N/A       5%          3
i - Ozocubu's Armour      Ice            40%        N/A       5%          3
j - Borgnjor's Vile Clut  Necr/Erth      20%        N/A       43%         5
Your spell library was empty.

Dungeon Overview and Level Annotations

Branches:
Dungeon (9/15)             Temple (1/1) D:7
   Lair: D:8-11         Orc: D:9-12

Altars:
Ashenzari
Cheibriados
Dithmenos
Elyvilon
Fedhas
Gozag
Hepliaklqana
Nemelex Xobeh
Qazlal
Ru
Trog
Uskayaw
Wu Jian
Xom
Yredelemnul
Zin
The Shining One

Shops:
D:7 :   D:9 [


Innate Abilities, Weirdness & Mutations

You are immune to sickness and miasma.
You are immune to poison.
Your flesh is very heat resistant. (rF++)
You are vulnerable to cold. (rC-)
You float through the air rather than walking.
You learn spells naturally, not from books.
Your magical power is your life essence.
You have superior vitality. (+4 MHP)


Message History

Your cerulean imp closely misses the troll.
You block the troll's attack. The troll claws you!
The troll claws you but does no damage.
Send 'em back where they came from!
Your cerulean imp shudders.
You block the wight's attack. The troll attacks as you move away!
You block the troll's attack. x3
Your cerulean imp hits the troll from afar with a +0 spear.
Casting: Call Imp (safe; 2% risk of failure)
Confirm with . or Enter, or press ? or * to list all spells.
* * * LOW HITPOINT WARNING * * *
Your cerulean imp barely misses the troll.
The troll bites your cerulean imp! The troll claws your cerulean imp!
Your cerulean imp dies!
Your cerulean imp disappears in a puff of smoke!
The nameless horror barely misses you. You block the wight's attack.
The troll shouts!
The nameless horror attacks as you move away!
You block the nameless horror's attack.
Casting: Call Canine Familiar (dangerous; 5% risk of failure)
Confirm with . or Enter, or press ? or * to list all spells.
A tiny devil pulls itself out of the air.
Your cerulean imp says, "Let's sow mayhem!"
* * * LOW HITPOINT WARNING * * *
Your hound bites the troll.
You block the troll's attack. The troll claws you.
* * * LOW HITPOINT WARNING * * *
The troll closely misses you.
Your hound bites the troll.
The nameless horror hits your cerulean imp!
The wight hits you from afar with a +5 halberd.
* * * LOW HITPOINT WARNING * * *
Your hound closely misses the troll.
The nameless horror hits your cerulean imp.
Your cerulean imp dies!
Your cerulean imp disappears in a puff of smoke!
Casting: Call Imp (safe; 2% risk of failure)
Confirm with . or Enter, or press ? or * to list all spells.
* * * LOW HITPOINT WARNING * * *
Your hound closely misses the troll.
The troll bites you!
* * * LOW HITPOINT WARNING * * *
The troll claws you!
You die...

....................#
..................###
..................####
...... .....####..#..#
...... ....### #.z...#
##...# ......###X...# #
..##.......r.#h...##
###...#.........#T....#
......#)........@.....#
.........)......##....##
.........##.....##.....#
............##........##
.................##...#
..........#...........#
..........#...##.###.##
..##........###### ###
.###.......##


You could see a nameless horror, a troll (ally target), a wight, a friendly
hound (summoned) and a friendly quokka (summoned).

Vanquished Creatures
  A two-headed ogre (D:8)
  A yak (D:9)
  A steam dragon (D:7)
  A water moccasin (D:7)
  An orc warrior (D:6)
  2 phantoms
  A nameless horror (D:8)
  A gnoll sergeant (D:8)
  A scorpion (D:6)
  3 wights (D:9)
  A killer bee (D:8)
  3 hounds
  2 iguanas
  3 sleepcaps (D:6)
  2 orc wizards
  2 gnolls (D:8)
  6 adders
  A white imp (D:8)
  2 ufetubi
  A dart slug (D:2)
  13 orcs
  A bat (D:3)
  3 endoplasms
  A giant cockroach (D:3)
  2 goblins (D:3)
  2 hobgoblins
  3 quokkas
  2 ball pythons
  A frilled lizard (D:3)
  3 kobolds
  A rat (D:3)
68 creatures vanquished.

Vanquished Creatures (collateral kills)
  A two-headed ogre (D:7)
  Maggie (D:7)
  5 yaks (D:9)
  An orc warrior (D:9)
  A black bear (D:4)
  An ogre (D:7)
  A centaur (D:8)
  2 phantoms
  A scorpion (D:5)
  A bullfrog (D:6)
  A gnoll sergeant (D:5)
  2 wights (D:9)
  5 killer bees (D:8)
  3 hounds
  A jelly (D:8)
  2 orc priests
  A gnoll bouda (D:7)
  2 sleepcaps (D:6)
  An iguana (D:5)
  An orc wizard (D:9)
  A nameless horror (D:5)
  10 gnolls
  2 adders
  A white imp (D:6)
  A worm (D:2)
  A dart slug (D:4)
  24 orcs
  2 bats
  5 endoplasms
  A giant cockroach (D:2)
  3 goblins
  4 hobgoblins
  3 jackals (D:4)
  5 kobolds
  2 quokkas
  3 ball pythons
  3 rats
105 creatures vanquished.

Vanquished Creatures (others)
  A wizard (D:4)
  2 yaks (D:9)
  A water moccasin (D:9)
  A gnoll (D:5)
5 creatures vanquished.

Grand Total: 178 creatures vanquished

Notes
Turn   | Place    | Note
-------+----------+-------------------------------------------
     0 | D:1      | javelincjr the Djinni Summoner began the quest for the Orb.
     0 | D:1      | javelincjr set off with the following spells memorised:
                  | Summon Small Mammal, Call Imp, Call Canine Familiar, Summon
                  | Guardian Golem, Summon Lightning Spire.
     0 | D:1      | Reached XP level 1. HP: 15/15 MP: 0/0
   417 | D:1      | Reached XP level 2. HP: 19/21 MP: 0/0
   870 | D:2      | Reached XP level 3. HP: 7/25 MP: 0/0
   870 | D:2      | Learned a level 1 spell: Shock
  1119 | D:2      | Found a shimmering altar of Xom.
  1629 | D:3      | Reached XP level 4. HP: 31/31 MP: 0/0
  1652 | D:3      | Reached skill level 1 in Fighting
  2045 | D:3      | Reached XP level 5. HP: 32/37 MP: 0/0
  2045 | D:3      | Learned a level 2 spell: Momentum Strike
  2526 | D:4      | Reached skill level 2 in Fighting
  2531 | D:4      | Reached XP level 6. HP: 18/44 MP: 0/0
  2740 | D:4      | Reached skill level 1 in Armour
  2858 | D:4      | Noticed a black bear
  2865 | D:4      | Killed a black bear
  2866 | D:4      | Reached skill level 3 in Fighting
  3096 | D:4      | Found a bloodstained altar of Trog.
  3098 | D:4      | Noticed a wizard
  3103 | D:4      | Killed a wizard
  3265 | D:5      | Entered Level 5 of the Dungeon
  3381 | D:5      | Reached XP level 7. HP: 43/50 MP: 0/0
  3381 | D:5      | Learned a level 3 spell: Teleport Other
  3466 | D:5      | Found a hide-covered altar of Uskayaw.
  3638 | D:5      | Found a hazy altar of Hepliaklqana.
  3733 | D:5      | Found a blossoming altar of Fedhas.
  3842 | D:5      | Reached skill level 4 in Fighting
  3971 | D:5      | Reached XP level 8. HP: 47/58 MP: 0/0
  4127 | D:5      | Found a stormy altar of Qazlal.
  4134 | D:5      | Became a worshipper of Qazlal Stormbringer
  4305 | D:6      | Reached skill level 5 in Spellcasting
  4904 | D:6      | Reached skill level 5 in Fighting
  5139 | D:6      | Reached skill level 5 in Dodging
  5558 | D:7      | Noticed a two-headed ogre
  5573 | D:7      | Killed a two-headed ogre
  5574 | D:7      | Reached skill level 6 in Fighting
  5574 | D:7      | Reached XP level 9. HP: 45/66 MP: 0/0
  5574 | D:7      | Learned a level 3 spell: Ozocubu's Armour
  5811 | D:7      | Found Nerph's Book Boutique.
  6019 | D:7      | Reached * piety under Qazlal
  6156 | D:7      | Noticed Maggie
  6240 | D:7      | Killed Maggie
  6241 | D:7      | Reached skill level 7 in Fighting
  6468 | D:7      | Found a sparkling altar of Nemelex Xobeh.
  6778 | D:7      | Found a staircase to the Ecumenical Temple.
  6788 | Temple   | Entered the Ecumenical Temple
  7143 | D:8      | Reached XP level 10. HP: 65/75 MP: 0/0
  7588 | D:8      | Noticed a two-headed ogre
  7604 | D:8      | Killed a two-headed ogre
  7605 | D:8      | Reached skill level 5 in Armour
  7605 | D:8      | Reached skill level 1 in Shields
  7605 | D:8      | Reached skill level 1 in Invocations
  7792 | D:8      | Found a sacrificial altar of Ru.
  8181 | D:9      | Reached skill level 8 in Fighting
  8369 | D:9      | Found Ackeomn's Armour Shop.
  8421 | D:9      | Bought the +2 cloak of the Thief {*Fog Slay-2 SInv Stlth+}
                  | for 281 gold pieces
  8421 | D:9      | Found the +2 cloak of the Thief {*Fog Slay-2 SInv Stlth+}
  8483 | D:9      | Reached ** piety under Qazlal
  8747 | D:9      | Reached XP level 11. HP: 72/82 MP: 0/0
  8747 | D:9      | Learned a level 5 spell: Borgnjor's Vile Clutch
  8833 | D:9      | HP: 4/82 [troll (12)]
  8833 | D:9      | Slain by a troll

Illustrated notes

Levels and vault maps discovered:
D:1:      roderic_octagonal_star, layout_loops_ring
D:2:      layout_loops_ring, basic_altar
D:3:      layout_loops_cross
D:4:      layout_basic, trog_wizard, grunt_ministairs_11
D:5:      layout_loops_ring, nicolae_qazlal_eye_of_the_storm,
          mainiacjoe_overflow_cross_hatched, worldfamousw_hep_ancestral_shrine,
          mainiacjoe_overflow_tiny_flanked
D:6:      layout_loops_ring, minivault_25
D:7:      layout_loops_cross, nemelex_dance_club_becter,
          mainiacjoe_overflow_alcove_1, temple_hall, serial_shops,
          nicolae_shop_waterfront, uniq_maggie
D:8:      layout_rooms, marbit_many_paths, kb_lookout_dungeons_type
D:9:      layout_cave_pools, serial_shops, nicolae_shop_statue_plus
Temple:   nicolae_temple_x_marks_the_god

Skill      XL: |  1  2  3  4  5  6  7  8  9 10 |
---------------+-------------------------------+-----
Stealth        | 2 |  2.4
Fighting       | 1 2 3 4 6 7 8 |  8.4
Dodging        | 3 4 5 6 7 |  7.1
Spellcasting   | 4 6 7 |  7.4
Armour         | 1 2 4 5 |  5.6
Shields        | 2 |  2.9
Invocations    | 2 |  2.7
Polearms       | |  0.8

Action                     |  1- 3 |  4- 6 |  7- 9 | 10-12 || total
---------------------------+-------+-------+-------+-------++-------
  Melee: Unarmed           |    10 |       |       |       ||    10
         Whip              |    24 |    57 |   156 |     7 ||   244
         Spear             |       |       |       |    84 ||    84
   Cast: Summon Small Mamm |    38 |     8 |     4 |     1 ||    51
         Call Imp          |     8 |    17 |    27 |    18 ||    70
         Call Canine Famil |     1 |    14 |    27 |    13 ||    55
         Shock             |       |     2 |     7 |     1 ||    10
         Summon Guardian G |       |     3 |     1 |     1 ||     5
         Summon Lightning  |       |     1 |     9 |    12 ||    22
    Use: Scroll            |       |       |    13 |     7 ||    20
         Potion            |       |       |       |     1 ||     1
   Stab: Sleeping          |     1 |     2 |     2 |       ||     5
         Distracted        |       |       |     1 |     1 ||     2
 Armour: Robe              |     7 |    15 |    15 |       ||    37
         Acid dragon scale |       |       |     9 |    40 ||    49
  Dodge: Dodged            |    29 |    55 |    92 |    59 ||   235
  Block: Buckler           |       |       |    21 |    12 ||    33
         Kite shield       |       |       |       |    39 ||    39
